 Dungeon Crawl Stone Soup version 0.30.0-15-g856e2d3f33 (webtiles) character file.

Game seed: 5907174358654193069

29777 joshe the Eclecticist (level 13, -6/59 HPs)
             Began as a Deep Elf Conjurer on May 19, 2023.
             Was an Elder of Hepliaklqana.
             Killed from afar by an oklob plant (36 damage)
             ... with a splash of acid
             ... on level 3 of the Lair of Beasts.
             The game lasted 01:44:58 (18073 turns).

joshe the Eclecticist (Deep Elf Conjurer)          Turns: 18073, Time: 01:45:02

Health: -6/59      AC:  8    Str:  4    XL:     13   Next: 17%
Magic:  13/35      EV: 13    Int: 29    God:    Hepliaklqana [****..]
Gold:   565        SH:  0    Dex:  8    Spells: 33/44 levels left

rFire   + + +        u - +5 long sword of Uzxeqor {heavy, rF+++ Will+ Dex-5 Stlth+}
rCold   + . .        (no shield)
rNeg    + . .        M - +0 troll leather armour
rPois   .            T - +1 hat {Stlth+}
rElec   +            k - scarf {rC+ rF+}
rCorr   .            O - -1 pair of gloves of the Harvest Moon {rElec SInv Stlth+}
SInv    +            a - +1 pair of boots
Will    ++++.        P - amulet of the acrobat
Stlth   ++++         E - ring "Cutav" {rN+ Will++}
HPRegen 1.09/turn    p - +4 ring of protection
MPRegen 0.24/turn

%: acrobat
@: corroded, studying Translocations
A: reduced essence
a: Renounce Religion, Recall Ancestor, Ancestor Identity, Transference, Idealise


You were on level 3 of the Lair of Beasts.
You worshipped Hepliaklqana.
Hepliaklqana was greatly pleased with you.
You visited 2 branches of the dungeon, and saw 12 of its levels.
You also visited: Bailey.

You collected 565 gold pieces.

Inventory:

Hand Weapons
 u - the +5 long sword of Uzxeqor (weapon) {heavy, rF+++ Will+ Dex-5 Stlth+}
   (You found it on level 2 of the Dungeon)

   Dex:       It affects your dexterity (-5).
   rF:        It renders you almost immune to fire.
   Will:      It increases your willpower.
   Stlth:     It makes you more stealthy.
 B - a +2 dagger of venom
Missiles
 l - 4 atropa-tipped darts
 m - 17 poisoned darts
 Q - a throwing net
Armour
 a - a +1 pair of boots (worn)
 k - a scarf of resistance (worn)
 M - a +0 troll leather armour (worn)
 O - the -1 pair of gloves of the Harvest Moon (worn) {rElec SInv Stlth+}
   (You found it on level 7 of the Dungeon)

   rElec:     It insulates you from electricity.
   SInv:      It lets you see invisible.
   Stlth:     It makes you more stealthy.
 T - a +1 hat of stealth (worn)
Jewellery
 n - a +6 ring of strength
 p - a +4 ring of protection (right hand)
 E - the ring "Cutav" (left hand) {rN+ Will++}
   (You acquired it in a bailey)

   [ring of positive energy]

   rN:        It protects you from negative energy.
   Will:      It greatly increases your willpower.
 G - an amulet of reflection
 L - a ring of protection from fire
 P - an amulet of the acrobat (around neck)
Wands
 F - a wand of paralysis (17)
 H - a wand of iceblast (8)
 K - a wand of polymorph (27)
Scrolls
 b - 2 scrolls of amnesia
 c - a scroll of acquirement
 d - 10 scrolls of fear
 f - 2 scrolls of magic mapping
 g - 2 scrolls of immolation {unknown}
 h - a scroll of enchant armour {unknown}
 j - 2 scrolls of noise {unknown}
 q - 5 scrolls of teleportation {unknown}
 s - 2 scrolls of fog {unknown}
 v - 2 scrolls of summoning {unknown}
 w - 3 scrolls of blinking
 y - 2 scrolls of vulnerability {unknown}
 A - a scroll of silence {unknown}
 I - 2 scrolls of poison {unknown}
 N - 3 scrolls of torment {unknown}
Potions
 e - 5 potions of flight
 i - a potion of ambrosia
 o - 2 potions of mutation
 r - 4 potions of curing
 t - 2 potions of might
 x - 6 potions of heal wounds
 z - 2 potions of haste
 C - a potion of brilliance
 D - 5 potions of lignification
 R - 2 potions of cancellation


   Skills:
 - Level 2.0 Fighting
 - Level 4.0 Armour
 - Level 9.0 Dodging
 - Level 2.4 Stealth
 - Level 16.0 Spellcasting
 + Level 10.1 Conjurations
 - Level 12.0 Hexes
 - Level 12.0 Translocations
 - Level 7.0 Invocations
 - Level 4.0 Evocations


You had 33 spell levels left.
You knew the following spells:

 Your Spells              Type           Power      Damage    Failure   Level
a - Magic Dart            Conj           100%       1d8       1%          1
b - Searing Ray           Conj           100%       2d8       1%          2
c - Fulminant Prism       Conj/Hex       36%        3d18      1%          4
d - Iskenderun's Mystic   Conj/Tloc      72%        2d15      1%          4

Your spell library contained the following spells:

 Spells                   Type           Power      Damage    Failure   Level
 Dazzling Flash           Conj/Hex       100%       N/A       1%          3
 Stone Arrow              Conj/Erth      100%       3d13      1%          3
 Summon Guardian Golem    Hex/Summ       55%        N/A       1%          3
 Vhi's Electric Charge    Tloc/Air       100%       N/A       1%          3
 Passage of Golubria      Tloc           75%        N/A       1%          4
 Beastly Appendage        Tmut           46%        N/A       3%          1
 Sandblast                Erth           46%        2d11      3%          1
 Cigotuvi's Dreadful Rot  Necr/Pois/Air  46%        N/A       4%          2
 Passwall                 Tmut/Erth      19%        N/A       4%          2
 Wereblood                Tmut           23%        N/A       4%          2
 Silence                  Hex/Air        27%        N/A       8%          5
 Ignite Poison            Fire/Tmut/Pois 23%        N/A       10%         3
 Spider Form              Tmut/Pois      23%        N/A       10%         3
 Arcjolt                  Conj/Air       25%        1d35      12%         5
 Freezing Cloud           Conj/Ice/Air   21%        6-21      24%         5
 Animate Dead             Necr           23%        N/A       32%         4
 Orb of Destruction       Conj           35%        9d10      41%         7
 Spellforged Servitor     Conj/Summ      25%        N/A       98%         7
 Haunt                    Necr/Summ      11%        N/A       100%        7
 Infestation              Necr           11%        N/A       100%        8
 Lehudib's Crystal Spear  Conj/Erth      25%        10d7      100%        8
 Maxwell's Capacitive Co  Air            11%        ∞         100%        8


Dungeon Overview and Level Annotations

Branches:
Dungeon (9/15)             Temple (0/1) D:7            Lair (3/5) D:9
 Shoals (0/4) Lair:2       Bailey (visited)
  Snake: Lair:2-3    Spider: Lair:2-3       Orc: D:9-12

Altars:
Ashenzari
Gozag
Hepliaklqana
Okawaru
Qazlal
Ru
Sif Muna
Wu Jian
Zin

Annotations:
Lair:3 exclusion: oklob plant


Message History

A fulminant prism comes into view.
Your fulminant prism crackles loudly.
Unknown command.
Your fulminant prism crackles loudly.
Your fulminant prism explodes!
Branko avoids your attack.
The blast of energy engulfs your fulminant prism!!
The blast of energy engulfs the oklob plant!!
The oklob plant is almost destroyed.
Your fulminant prism explodes!
Branko avoids your attack.
Casting: Fulminant Prism (safe; 1% risk of failure)
Confirm with . or Enter, or press ? or * to list all spells.
Aiming: Fulminant Prism (safe; 1% risk of failure)
Press: ? - help, Dir - move target You conjure a prism of explosive energy!
A fulminant prism comes into view.
Casting: Fulminant Prism (safe; 1% risk of failure)
Confirm with . or Enter, or press ? or * to list all spells.
Aiming: Fulminant Prism (safe; 1% risk of failure)
Press: ? - help, Dir - move target
Okay, then.
Branko hits the oklob plant with a +0 flail!
The oklob plant is destroyed!
Your fulminant prism crackles loudly.
Unknown command.
The oklob plant spits acid at you. The splash of acid hits you!!
Your fulminant prism explodes!
Branko avoids your attack.
Casting: Fulminant Prism (safe; 1% risk of failure)
Confirm with . or Enter, or press ? or * to list all spells.
Aiming: Fulminant Prism (safe; 1% risk of failure)
Press: ? - help, Dir - move target You conjure a prism of explosive energy!
A fulminant prism comes into view.
The oklob plant spits acid at you. The splash of acid hits you!!!
Ouch! That really hurt!
You die...

..†#.........
...#....................
...#.........P.........!
...#.....!...R..........
...#........*......!...#
...#...................#
.......................#
##.....#..............##
.......#........@......#
..........P...##........
#........P#..#.#.......#
.......P...........#####
......P#.#........##
...#.....#....#.###
...#..........#.#
...+..........#.#
......##.#....#..


You could see the friendly Branko the knight (corroded), an oklob plant (ally
target) and a friendly fulminant prism.

Vanquished Creatures
  Gastronok (Lair:2)
  Harold (D:9)
  A catoblepas (Lair:3)
  A hydra (Lair:3)
  An orc high priest (Bailey)
  2 orc knights (Bailey)
  2 oklob plants (Lair:3)
  Maurice (D:8)
  2 black mambas
  An orange demon (Lair:2)
  6 cane toads
  A demonic crawler (Lair:3)
  2 rime drakes (Lair:3)
  A kobold demonologist (Bailey)
  2 komodo dragons
  The ghost of BlasphemerAmon the Covered, an amateur MiFi (D:4)
  A troll (D:7)
  The ghost of AverageBear the Chopper, an amateur OpFi (D:4)
  14 blink frogs
  Sigmund (D:3)
  A snapping turtle (Lair:2)
  17 yaks
  A spriggan (Lair:1)
  A wraith (D:9)
  3 basilisks
  7 wyverns
  An acid dragon (D:9)
  Duvessa (D:6)
  6 water moccasins
  A hell hound (Lair:3)
  6 black bears
  4 orc warriors
  2 ice beasts
  3 sky beasts
  A hornet zombie (D:6)
  9 wolves
  3 ogres (D:6)
  2 centaurs (D:6)
  6 phantoms
  11 bullfrogs
  A kobold brigand (D:6)
  2 wyvern zombies (D:6)
  3 scorpions
  10 wights
  A water moccasin zombie (D:6)
  Dowan (D:6)
  4 howler monkeys
  5 electric eels
  3 centaur zombies (D:6)
  3 bullfrog zombies (D:6)
  4 hounds
  4 orc priests
  2 gnoll boudas (D:8)
  Crazy Yiuf (D:3)
  4 sleepcaps
  Jessica (D:3)
  2 iguanas
  3 orc wizards (D:8)
  A killer bee zombie (D:6)
  A howler monkey zombie (D:6)
  24 gnolls
  5 adders
  An ufetubus (D:4)
  2 worms (D:2)
  9 dart slugs
  21 orcs
  6 bats
  7 endoplasms
  4 giant cockroaches
  23 goblins
  10 hobgoblins
  10 jackals
  2 quokkas
  4 ball pythons (D:2)
  2 frilled lizards (D:2)
  8 kobolds
  4 rats
  2 fulminant prisms (Lair:3)
329 creatures vanquished.

Vanquished Creatures (collateral kills)
  A skyshark (Lair:1)
  Amaemon (Lair:2)
  An oklob plant (Lair:3)
  3 black mambas
  A rime drake (Lair:1)
  A cane toad (Lair:3)
  A komodo dragon (Lair:1)
  2 blink frogs
  Grum (D:9)
  5 yaks
  A hell hound (Lair:3)
  3 orc warriors (Bailey)
  A wolf (D:9)
  A gnoll sergeant (D:9)
  A wight (D:8)
  An electric eel (Bailey)
  A gnoll (Bailey)
  2 orcs
  A giant cockroach (Lair:3)
  2 hobgoblins (Bailey)
31 creatures vanquished.

Vanquished Creatures (others)
  5 knights
  An ancestor (D:7)
  215 fulminant prisms
221 creatures vanquished.

Grand Total: 581 creatures vanquished

Notes
Turn   | Place    | Note
-------+----------+-------------------------------------------
     0 | D:1      | joshe the Deep Elf Conjurer began the quest for the Orb.
     0 | D:1      | Reached XP level 1. HP: 10/10 MP: 6/6
     0 | D:1      | Noticed a barachi
     1 | D:1      | Noticed a human
     7 | D:1      | Noticed a dwarf
     8 | D:1      | Noticed a dwarf
     9 | D:1      | Noticed a barachi
    14 | D:1      | Noticed a gargoyle
    14 | D:1      | Noticed a demonspawn
    16 | D:1      | Noticed an elf
    16 | D:1      | Noticed a felid
    18 | D:1      | Noticed a gargoyle
    18 | D:1      | Noticed a troll
    20 | D:1      | Noticed a dwarf
    20 | D:1      | Noticed a draconian
    22 | D:1      | Noticed a barachi
   193 | D:1      | Reached XP level 2. HP: 15/15 MP: 3/8
   196 | D:1      | Learned a level 2 spell: Searing Ray
   568 | D:1      | Found a faded altar of an unknown god.
   751 | D:2      | Reached skill level 4 in Spellcasting
   806 | D:2      | Reached skill level 5 in Conjurations
   806 | D:2      | Reached XP level 3. HP: 19/19 MP: 7/10
  1595 | D:2      | Reached XP level 4. HP: 24/24 MP: 7/12
  1939 | D:2      | Identified the +5 long sword of Uzxeqor {heavy, rF+++ Will+
                  | Dex-5 Stlth+}
  2028 | D:3      | Noticed Sigmund
  2156 | D:3      | Found a sacrificial altar of Ru.
  2272 | D:3      | Noticed Jessica
  2295 | D:3      | Learned a level 4 spell: Fulminant Prism
  2397 | D:3      | Reached skill level 5 in Spellcasting
  2469 | D:3      | Found a runed translucent door.
  2470 | D:3      | Noticed Crazy Yiuf
  3062 | D:4      | Reached skill level 1 in Hexes
  3205 | D:4      | Noticed a phantom
  3284 | D:4      | Found a stormy altar of Qazlal.
  3544 | D:4      | Killed a phantom
  3545 | D:4      | Reached XP level 5. HP: 28/28 MP: 7/14
  3603 | D:4      | Found a runed translucent gate.
  3603 | D:4      | Found a runed translucent gate.
  3603 | D:4      | Found a runed translucent gate.
  3614 | D:4      | Noticed AverageBear's ghost (amateur OpFi)
  3615 | D:4      | Noticed BlasphemerAmon's ghost (amateur MiFi)
  3788 | D:5      | Entered Level 5 of the Dungeon
  3909 | D:5      | Noticed a phantom
  3920 | D:5      | Killed a phantom
  3921 | D:5      | Reached skill level 5 in Hexes
  3921 | D:5      | Reached XP level 6. HP: 23/32 MP: 13/16
  3961 | D:5      | Reached skill level 6 in Spellcasting
  4189 | D:5      | Found a hazy altar of Hepliaklqana.
  4193 | D:5      | Became a worshipper of Hepliaklqana the Forgotten
  4422 | D:5      | Reached XP level 7. HP: 36/36 MP: 7/18
  4739 | D:3      | Killed Jessica
  4750 | D:3      | Learned a level 4 spell: Iskenderun's Mystic Blast
  4859 | D:3      | Killed Sigmund
  5172 | D:5      | Reached skill level 7 in Spellcasting
  5221 | D:5      | Identified the +4 hand axe of Hepliaklqana's Wrath {drain,
                  | rCorr}
  5394 | D:6      | Reached skill level 1 in Translocations
  5451 | D:6      | Reached XP level 8. HP: 41/41 MP: 3/20
  5502 | D:6      | Reached skill level 5 in Dodging
  5681 | D:6      | Reached skill level 1 in Invocations
  5934 | D:6      | Reached skill level 8 in Spellcasting
  6176 | D:6      | Reached skill level 9 in Spellcasting
  6256 | D:6      | Noticed Duvessa
  6262 | D:6      | Killed Duvessa
  6263 | D:6      | Reached skill level 1 in Evocations
  6269 | D:6      | Reached XP level 9. HP: 45/45 MP: 8/24
  6280 | D:6      | Noticed Dowan
  6503 | D:6      | Killed Dowan
  6659 | D:6      | Reached skill level 10 in Spellcasting
  7382 | D:6      | Reached * piety under Hepliaklqana
  7812 | D:3      | Killed Crazy Yiuf
  7954 | D:4      | Killed AverageBear's ghost
  7955 | D:4      | Reached skill level 11 in Spellcasting
  7957 | D:4      | Killed BlasphemerAmon's ghost
  8146 | D:7      | Found an iron altar of Okawaru.
  8444 | D:7      | Noticed a troll
  8462 | D:7      | Killed a troll
  8764 | D:7      | Reached XP level 10. HP: 45/45 MP: 19/27
  8903 | D:7      | Identified the -1 pair of gloves of the Harvest Moon {rElec
                  | SInv Stlth+}
  8973 | D:7      | Reached skill level 5 in Translocations
  8973 | D:7      | Reached skill level 5 in Invocations
  9249 | D:7      | Found a staircase to the Ecumenical Temple.
  9335 | D:8      | Reached skill level 1 in Armour
  9348 | D:8      | Noticed Maurice
  9515 | D:8      | Reached skill level 12 in Spellcasting
  9844 | D:8      | Killed Maurice
 10795 | D:9      | Found a glowing silver altar of Zin.
 10802 | D:9      | Reached ** piety under Hepliaklqana
 10803 | D:9      | Remembered your ancestor Branko as a knight
 10898 | D:9      | Reached skill level 13 in Spellcasting
 10963 | D:9      | Found a staircase to the Lair.
 11004 | D:9      | Found a shimmering blue altar of Sif Muna.
 11039 | D:9      | Found a broken altar of Ashenzari.
 11078 | D:9      | Found a flagged portal.
 11089 | Bailey   | Entered a bailey
 11280 | Bailey   | Reached skill level 10 in Hexes
 11564 | Bailey   | Noticed an orc high priest
 11565 | Bailey   | Noticed a rust devil
 11723 | Bailey   | Killed an orc high priest
 11724 | Bailey   | Reached XP level 11. HP: 48/48 MP: 13/30
 11829 | Bailey   | Noticed an orc knight
 11836 | Bailey   | Killed an orc knight
 11906 | Bailey   | Noticed an orc knight
 11922 | Bailey   | Killed an orc knight
 11923 | Bailey   | Reached skill level 14 in Spellcasting
 12100 | Bailey   | Found an iron altar of Okawaru.
 12164 | Bailey   | Acquired the ring "Cutav" {rN+ Will++}
 12424 | D:9      | Noticed Harold
 12434 | D:9      | Killed Harold
 12777 | D:9      | Found an ornate altar of the Wu Jian Council.
 13000 | D:9      | Noticed Grum
 13007 | D:9      | Killed Grum
 13331 | Lair:1   | Entered Level 1 of the Lair of Beasts
 13344 | Lair:1   | Noticed a skyshark
 13346 | Lair:1   | Reached skill level 10 in Translocations
 13596 | Lair:1   | Killed a skyshark
 13597 | Lair:1   | Reached skill level 15 in Spellcasting
 13854 | Lair:1   | Reached XP level 12. HP: 53/53 MP: 4/33
 14528 | Lair:1   | Found an opulent altar of Gozag.
 15148 | Lair:2   | Noticed Amaemon
 15359 | Lair:2   | Killed Amaemon
 15659 | Lair:2   | Reached *** piety under Hepliaklqana
 15662 | Lair:2   | Noticed Gastronok
 15676 | Lair:2   | Killed Gastronok
 15677 | Lair:2   | Reached skill level 16 in Spellcasting
 16375 | Lair:2   | Found a staircase to the Shoals.
 16601 | Lair:3   | Noticed an eight-headed hydra
 16605 | Lair:3   | Noticed a catoblepas
 16608 | Lair:3   | Killed an eight-headed hydra
 16787 | Lair:3   | Noticed a death yak
 16788 | Lair:3   | Reached skill level 1 in Fighting
 16899 | Lair:3   | Killed a catoblepas
 17320 | Lair:3   | Reached XP level 13. HP: 59/59 MP: 19/35
 17611 | Lair:3   | Reached skill level 10 in Conjurations
 17700 | Lair:3   | Reached **** piety under Hepliaklqana
 18073 | Lair:3   | Killed from afar by an oklob plant

Illustrated notes

Levels and vault maps discovered:
D:1:      shiori_arrival_whats_in_store_for_you, layout_rooms,
          shapermc_ecumenical_altar_ellora
D:2:      kennysheep_six_static_rooms, layout_basic
D:3:      layout_loops_corners, overflow_temple_1_default, chequers_mini_garden,
          uniq_jessica, uniq_crazy_yiuf_cottage, uniq_sigmund
D:4:      layout_basic, mainiacjoe_overflow_six_doors_small,
          gammafunk_ghost_cemetery, st_stairs_4
D:5:      layout_cave_pools, kennysheep_mini
D:6:      layout_basic, serial_undead, serial_undead_a, serial_undead_b,
          serial_undead_c, serial_undead_b, serial_undead_f, kennysheep_nub,
          st_stairs_6, kennysheep_generic_room_14, uniq_duvessa
D:7:      layout_loops_ring, okawaru_ov_weapons_minmay,
          minmay_temple_entry_poolview
D:8:      layout_basic, uniq_maurice
D:9:      layout_basic, overflow_temple_1_default,
          mainiacjoe_overflow_surrounded_room, kennysheep_mini_moat,
          mainiacjoe_overflow_paths, lair_entry_dummy,
          lightli_bailey_entry_fortress, uniq_grum, uniq_harold
Lair:1:   layout_loops_ring, basic_altar, grunt_forest_large_clearing_hut,
          lemuel_fruit_tree, grunt_megastairs_3, serial_bayou_shore_a
Lair:2:   layout_cave_pods, minmay_shoals_entry_hut, uniq_amaemon,
          uniq_gastronok
Lair:3:   layout_chaotic_city, nicolae_spider_entry_non_spiders,
          enter_volcano_3, st_stairs_12, dpeg_oklob_1, grunt_megastairs_4

Skill      XL: |  1  2  3  4  5  6  7  8  9 10 11 12 13 |
---------------+----------------------------------------+-----
Spellcasting   | 4 5 6 7 9 11 13 15 16 | 16.0
Conjurations   | 5 6 8 9 10 | 10.1
Hexes          | 4 5 6 7 9 10 11 12 | 12.0
Dodging        | 3 4 5 6 7 9 |  9.0
Translocations | 2 4 6 10 12 | 12.0
Invocations    | 4 5 6 7 |  7.0
Evocations     | 1 4 |  4.0
Armour         | 2 4 |  4.0
Fighting       | 2 |  2.0
Stealth        | |  2.4

Action                     |  1- 3 |  4- 6 |  7- 9 | 10-12 | 13-15 || total
---------------------------+-------+-------+-------+-------+-------++-------
  Melee: Dagger            |       |       |     4 |       |     1 ||     5
         Long sword        |       |       |     2 |       |       ||     2
   Cast: Magic Dart        |    68 |    62 |    34 |    57 |     2 ||   223
         Searing Ray       |     5 |    13 |    20 |    58 |     3 ||    99
         Fulminant Prism   |       |     9 |    60 |   129 |    21 ||   219
         Iskenderun's Myst |       |       |    12 |    47 |    11 ||    70
 Invoke: Recall Ancestor   |       |       |       |     6 |       ||     6
         Ancestor Life: Kn |       |       |       |     1 |       ||     1
  Evoke: Wand              |       |       |    12 |     7 |       ||    19
    Use: Scroll            |       |     1 |     5 |    10 |       ||    16
         Potion            |       |     1 |     1 |       |       ||     2
   Stab: Paralysed         |       |       |     2 |       |       ||     2
 Armour: Robe              |       |     4 |     4 |       |       ||     8
         Troll leather arm |       |       |       |     5 |     5 ||    10
  Dodge: Dodged            |     3 |     5 |    17 |    39 |    33 ||    97
  Block: Other             |       |       |     6 |     1 |       ||     7
         Reflection        |       |       |     2 |     1 |       ||     3
